 Dungeon Crawl Stone Soup version 0.28-a0-1286-g6bde065e89 (webtiles) character file.

Game seed: 5618454279534850506

24 rogsnak the Gusty (level 2, -3/19 HPs)
             Began as a Demonspawn Air Elementalist on Dec 26, 2021.
             Slain by a kobold (4 damage)
             ... on level 1 of the Dungeon.
             The game lasted 00:02:02 (793 turns).

rogsnak the Gusty (Demonspawn Air Elementalist)      Turns: 793, Time: 00:02:03

Health: -3/19      AC:  2    Str:  8    XL:     2   Next: 79%
Magic:  5/5        EV: 12    Int: 16    God:
Gold:   29         SH:  0    Dex: 19    Spells: 4/5 levels left

rFire   . . .      SeeInvis .   b - +0 short sword
rCold   . . .      Faith    .   (no shield)
rNeg    . . .      Spirit   .   a - +0 robe
rPois   .          Reflect  .   (no helmet)
rElec   .          Harm     .   (no cloak)
rCorr   .          Rampage  .   (no gloves)
Will    .....                   (no boots)
Stlth   ++........              (no amulet)
HPRegen 0.06/turn               f - +6 ring of dexterity
MPRegen 0.09/turn               (no ring)

@: no status effects
A: demonic touch 1
a: no special abilities


You were on level 1 of the Dungeon.
You visited 1 branch of the dungeon, and saw 1 of its levels.

You collected 29 gold pieces.

Inventory:

Hand Weapons
 b - a +0 short sword (weapon)
Armour
 a - a +0 robe (worn)
Jewellery
 f - a +6 ring of dexterity (left hand)
Scrolls
 d - a scroll of silence {unknown}
 e - 2 scrolls of identify {unknown}
Potions
 c - a potion of lignification {unknown}
 g - a potion of curing {unknown}


   Skills:
 + Level 2.0 Dodging
 - Level 1.7 Stealth
 + Level 2.2 Spellcasting
 * Level 1.6 Conjurations
 + Level 3.1 Air Magic


You had 4 spell levels left.
You knew the following spells:

 Your Spells              Type           Power      Damage    Failure   Level
a - Shock                 Conj/Air       36%        1d5       8%          1

Your spell library contained the following spells:

 Spells                   Type           Power      Damage    Failure   Level
 Static Discharge         Conj/Air       9%         N/A       12%         2
 Swiftness                Air            11%        N/A       17%         3
 Airstrike                Air            5%         N/A       50%         4


Dungeon Overview and Level Annotations

Branches:
Dungeon (1/15)

Altars:


Innate Abilities, Weirdness & Mutations

Your touch may inflict minor irresistible damage on your foes.


Message History

The helpless ball python fails to defend itself.
You puncture the ball python!
You kill the ball python!
The helpless goblin fails to defend itself.
You hit the goblin.
You kill the goblin!
A bat comes into view.
A bat is nearby!
The helpless bat fails to defend itself.
You hit the bat.
You kill the bat!
You see here a +0 dagger.
You see here a +0 pair of boots.
Found a leather armour.
A bat, a quokka and a hobgoblin come into view.
You see here a +0 leather armour.
A kobold comes into view. It is wielding a +0 short sword.
The kobold barely misses you.
The hobgoblin shouts!
You hit the kobold. Your touch misses the kobold.
The kobold is moderately wounded.
The kobold closely misses you. The kobold closely misses you.
The quokka misses you. The kobold hits you but does no damage.
The quokka closely misses you. The quokka barely misses you.
The kobold hits you with a +0 short sword.
The quokka completely misses you. The kobold barely misses you.
The quokka misses you.
The kobold hits you with a +0 short sword.
The quokka closely misses you. The kobold barely misses you.
The quokka closely misses you.
The kobold hits you with a +0 short sword.
The quokka bites you. The quokka bites you.
* * * LOW HITPOINT WARNING * * *
The kobold hits you with a +0 short sword.
* * * LOW HITPOINT WARNING * * *
The quokka closely misses you.
The kobold hits you with a +0 short sword.
You die...

##### #.... # #....
#.#######.#.# ##.###
#gbK@r......# #...#.
#.###[###### ##.#.#.
#. ##.## #..#... #.
##.# #.###)# ... #.#
#.....# ## .# ##[#
###.##. #.# ##.##
#.##[
#.###.###########.##.
#...####......##.##.


You could see a quokka, a hobgoblin, a bat and a kobold.

Vanquished Creatures
  2 dart slugs (D:1)
  3 ball pythons (D:1)
  4 bats (D:1)
  2 endoplasms (D:1)
  A quokka (D:1)
  A frilled lizard (D:1)
  3 goblins (D:1)
  A kobold (D:1)
  3 rats (D:1)
20 creatures vanquished.

Notes
Turn   | Place    | Note
-------+----------+-------------------------------------------
     0 | D:1      | rogsnak the Demonspawn Air Elementalist began the quest for
                  | the Orb.
     0 | D:1      | Reached XP level 1. HP: 13/13 MP: 3/3
   284 | D:1      | Discovered your monstrous ancestry.
   284 | D:1      | Gained mutation: Your touch may inflict minor irresistible
                  | damage on your foes. [demonic ancestry]
   284 | D:1      | Reached XP level 2. HP: 15/19 MP: 0/5
   382 | D:1      | Reached skill level 3 in Air Magic
   793 | D:1      | Slain by a kobold

Illustrated notes

Levels and vault maps discovered:
D:1:      minmay_arrival_stone_box, layout_loops_ring, minmay_pentomino_t2

Skill      XL: |  1  2 |
---------------+-------+-----
Air Magic      | 3 |  3.1
Dodging        | 2 |  2.0
Stealth        | |  1.7
Spellcasting   | |  2.2
Conjurations   | |  1.6

Action                   || total
-------------------------++-------
Melee: Short sword       ||    16
       Touch             ||     3
 Cast: Shock             ||    22
 Stab: Sleeping          ||     3
Armor: Robe              ||     1
Dodge: Dodged            ||    21

Table legend: (Time is in decaauts)
 A = Elapsed time spent in this place.
 B = Non-inter-level travel time spent in this place.
 C = Inter-level travel time spent in this place.
 D = Time resting spent in this place.
 E = Time spent auto-exploring this place.
 F = Levels seen in this place.
 G = Mean time per level.
                   A        B        C        D        E       F      G
               +--------+--------+--------+--------+--------+-----+--------+
         Total |    793 |    793 |      0 |    145 |    493 |   1 |  793.0 |
       Dungeon |    793 |    793 |      0 |    145 |    493 |   1 |  793.0 |
               +--------+--------+--------+--------+--------+-----+--------+

Top non-repeatable levels by time:
     D:1: 793 daAuts
